 Dungeon Crawl Stone Soup version 0.26.1-11-gd32895ea62 (webtiles) character file.

Game seed: 12618922256655524687

382895 phalm the Warrior (level 21, 0/169 HPs)
             Began as a Demonspawn Conjurer on June 22, 2021.
             Was an Initiate of Gozag.
             Slain by Mennas
             ... wielding a +4 trishula of holy wrath
              (33 damage)
             ... on level 4 of the Vaults on June 23, 2021.
             The game lasted 03:31:46 (71796 turns).

phalm the Warrior (Demonspawn Conjurer)            Turns: 71796, Time: 03:31:46

Health: 0/169      AC: 26    Str: 17    XL:     21   Next: 93%
Magic:  29/39      EV: 18    Int: 35    God:    Gozag
Gold:   6136       SH:  4    Dex: 11    Spells: 2/49 levels left

rFire    + + .     SeeInvis +   p - +7 hand axe "Ozaudo Cijob" {distort, *Drain rF+ rC++ rN+}
rCold    + + +     Faith    .   b - +0 buckler {rPois}
rNeg     + + .     Spirit   .   G - +5 scale mail of the Tundras {rC+ Str+5}
rPois    +         Reflect  .   (helmet unavailable)
rElec    +         Harm     .   f - +2 cloak {Will+}
rCorr    +         Rampage  .   o - +0 pair of gloves "Tank" {Will++ Str+3 SInv Stlth-}
Will     ++++.                  K - +2 pair of boots {run}
Stlth    ..........             V - amulet "Telon" {RegenMP rElec rN+ SInv Stlth+}
HPRegen  0.38/turn              z - ring of wizardry
MPRegen  0.51/turn              I - +6 ring of intelligence

@: mighty, agile, resistant (expiring), gold aura, glowing, silenced, quick
A: antennae 3, icy blue scales 3, foul stench 1, powered by pain 3, miasma
immunity
}: 2/15 runes: decaying, serpentine
a: Renounce Religion


You were on level 4 of the Vaults.
You worshipped Gozag.
Gozag was greatly pleased with you.
You visited 7 branches of the dungeon, and saw 36 of its levels.

You collected 20248 gold pieces.
You spent 3235 gold pieces at shops.
You paid 10877 gold pieces to Gozag.


Innate Abilities, Weirdness & Mutations

You have a pair of large antennae on your head. (SInv)
You are completely covered in icy blue scales. (AC +4, rC+)
You may emit foul miasma when damaged in melee.
You are powered by pain.
You are immune to miasma.


   Skills:
 + Level 15.6 Fighting
 - Level 4.7 Axes
 - Level 8.3 Staves
 - Level 10.0 Armour
 - Level 8.0 Dodging
 - Level 1.7 Stealth
 - Level 4.0 Shields
 + Level 14.6 Spellcasting
 - Level 12.0 Conjurations
 + Level 8.3 Hexes
 - Level 7.0 Translocations
 - Level 5.0 Transmutations
 + Level 8.5 Fire Magic
 - Level 12.0 Ice Magic
 - Level 12.0 Air Magic
 - Level 8.0 Poison Magic
 - Level 9.0 Evocations


You had 2 spell levels left.
You knew the following spells:

 Your Spells              Type           Power        Failure   Level
b - Iskenderun's Battles  Conj           83%          1%          5
c - Cause Fear            Hex            35%          1%          4
f - Fulminant Prism       Conj/Hex       38%          1%          4
g - Freezing Cloud        Conj/Ice/Air   41%          1%          6
l - Lightning Bolt        Conj/Air       41%          1%          5
m - Magic Dart            Conj           100%         1%          1
o - Olgreb's Toxic Radia  Pois           69%          1%          4
s - Searing Ray           Conj           100%         1%          2
u - Passage of Golubria   Tloc           N/A          1%          4
X - Iskenderun's Mystic   Conj/Tloc      75%          1%          4
Y - Ignite Poison         Fire/Tmut/Pois 66%          1%          3
Z - Fireball              Conj/Fire      39%          1%          5

Your spell library contained the following spells:

 Spells                   Type           Power        Failure   Level
 Animate Skeleton         Necr           50%          1%          1
 Beastly Appendage        Tmut           100%         1%          1
 Corona                   Hex            78%          1%          1
 Foxfire                  Conj/Fire      100%         1%          1
 Pain                     Necr           100%         1%          1
 Sandblast                Erth           50%          1%          1
 Shock                    Conj/Air       100%         1%          1
 Sting                    Tmut/Pois      100%         1%          1
 Blink                    Tloc           N/A          1%          2
 Corpse Rot               Necr/Air       N/A          1%          2
 Ensorcelled Hibernation  Hex/Ice        100%         1%          2
 Passwall                 Tmut/Erth      35%          1%          2
 Poisonous Vapours        Pois/Air       100%         1%          2
 Wereblood                Tmut           57%          1%          2
 Confusing Touch          Hex            71%          1%          3
 Conjure Flame            Conj/Fire      78%          1%          3
 Dazzling Flash           Conj/Hex       100%         1%          3
 Gell's Gravitas          Tloc           32%          1%          3
 Inner Flame              Hex/Fire       71%          1%          3
 Lesser Beckoning         Tloc           32%          1%          3
 Mephitic Cloud           Conj/Pois/Air  79%          1%          3
 Spider Form              Tmut/Pois      31%          1%          3
 Static Discharge         Conj/Air       83%          1%          3
 Stone Arrow              Conj/Erth      100%         1%          3
 Teleport Other           Tloc           65%          1%          3
 Tukima's Dance           Hex            71%          1%          3
 Ice Form                 Ice/Tmut       71%          1%          4
 Sticky Flame             Conj/Fire      78%          1%          4
 Metabolic Englaciation   Hex/Ice        38%          1%          5
 Silence                  Hex/Air        38%          1%          5
 Yara's Violent Unravell  Hex/Tmut       32%          3%          5
 Vampiric Draining        Necr           12%          5%          3
 Petrify                  Tmut/Erth      43%          6%          4
 Blade Hands              Tmut           28%          6%          5
 Summon Forest            Summ/Tloc      25%          12%         5
 Animate Dead             Necr           12%          16%         4
 Eringya's Noxious Bog    Tmut/Pois      31%          17%         6
 Hydra Form               Tmut           28%          32%         6
 Agony                    Necr           25%          41%         5
 Lee's Rapid Deconstruct  Erth           12%          41%         5
 Spellforged Servitor     Conj/Summ      30%          73%         7
 Ignition                 Fire           36%          96%         8
 Discord                  Hex            35%          97%         8
 Summon Hydra             Summ           12%          100%        7
 Shatter                  Erth           12%          100%        9
 Tornado                  Air            41%          100%        9

Inventory:

Hand Weapons
 p - the +7 hand axe "Ozaudo Cijob" (weapon) {distort, *Drain rF+ rC++ rN+}
   (You found it on level 6 of the Lair of Beasts)

   It warps and distorts space around it.
   Unwielding it can cause banishment or high damage.
   It protects you from fire.
   It greatly protects you from cold.
   It protects you from negative energy.
   It causes draining when unequipped.
Missiles
 c - 2 curare-tipped darts (quivered) {=f}
 y - 6 datura-tipped darts
Armour
 b - a +0 buckler of poison resistance (worn)
   (You bought it in a shop on level 2 of the Lair of Beasts)
 f - a +2 cloak of willpower (worn)
   (You bought it in a shop on level 2 of the Orcish Mines)
 o - the +0 pair of gloves "Tank" (worn) {Will++ Str+3 SInv Stlth-}
   (You acquired it on level 5 of the Lair of Beasts)

   It affects your strength (+3).
   It affects your willpower, your defense against some magical effects.
   It lets you see invisible.
   It makes you less stealthy.
 G - the +5 scale mail of the Tundras (worn) {rC+ Str+5}
   (You found it on level 3 of the Lair of Beasts)

   It affects your strength (+5).
   It protects you from cold.
 K - a +2 pair of boots of running (worn)
   (You found it on level 2 of the Snake Pit)
Magical Staves
 C - an uncursed staff of earth
   (You found it on level 1 of the Vaults)
Jewellery
 z - a ring of wizardry (left hand)
   (You took it off a big kobold on level 11 of the Dungeon)
 I - a +6 ring of intelligence (right hand)
   (You found it on level 1 of the Lair of Beasts)
 O - the ring of Mumiash {*Contam +Fly rElec MP+9 Str+9}
   (You took it off a yaktaur captain on level 1 of the Vaults)

   [ring of magical power]

   It affects your strength (+9).
   It insulates you from electricity.
   It affects your magic capacity (+9).
   It lets you fly.
   It causes magical contamination when unequipped.
 U - the amulet "Weusohi" {Faith rF+ Will+}
   (You took it off a vampire on level 10 of the Dungeon)

   [amulet of faith]

   It allows you to gain divine favour quickly.
   It protects you from fire.
   It affects your willpower, your defense against some magical effects.
 V - the amulet "Telon" (around neck) {RegenMP rElec rN+ SInv Stlth+}
   (You took it off a rakshasa on level 10 of the Dungeon)

   [amulet of magic regeneration]

   It increases your magic regeneration.
   It insulates you from electricity.
   It protects you from negative energy.
   It lets you see invisible.
   It makes you more stealthy.
Wands
 i - a wand of paralysis (12)
   (You found it on level 12 of the Dungeon)
 j - a wand of digging (24)
   (You found it on level 6 of the Dungeon)
 s - a wand of flame (22)
   (You found it on level 4 of the Dungeon)
 L - a wand of disintegration (26)
   (You found it on level 7 of the Dungeon)
 P - a wand of iceblast (43)
   (You found it on level 9 of the Dungeon)
 Q - a wand of polymorph (22)
   (You found it on level 3 of the Lair of Beasts)
 S - a wand of enslavement (28)
   (You took it off an orc on level 9 of the Dungeon)
Scrolls
 l - 5 scrolls of identify {@r1}
 m - 6 scrolls of immolation {!r!r}
 r - 13 scrolls of teleportation {@r4}
 t - 6 scrolls of fear
 u - 5 scrolls of blinking {!r}
 v - 2 scrolls of enchant weapon
 x - 10 scrolls of fog
 A - 4 scrolls of silence {!r}
 D - 29 scrolls of remove curse {@r2}
 N - 2 scrolls of holy word {!r}
 R - 5 scrolls of magic mapping {!r}
 Z - a scroll of brand weapon
Potions
 d - 4 potions of magic
 e - 2 potions of brilliance
 g - a potion of resistance
 h - 7 potions of ambrosia
 k - 3 potions of flight
 n - 4 potions of cancellation
 q - 11 potions of lignification {!q}
 B - a potion of haste {@q3}
 E - 15 potions of curing {@q1}
 F - a potion of heal wounds {@q2}
 J - a potion of attraction {!q}
 T - 3 potions of might
 X - 2 potions of invisibility
 Y - a potion of berserk rage {!q}
Miscellaneous
 a - a box of beasts
   (You found it on level 3 of the Lair of Beasts)
 H - a condenser vane
   (You found it on level 6 of the Dungeon)
 M - a tin of tremorstones (2/2)
   (You found it on level 12 of the Dungeon)
 W - a lightning rod (4/4)
   (You found it on level 10 of the Dungeon)

Dungeon Overview and Level Annotations

Branches:
Dungeon (15/15)            Temple (0/1) D:7            Lair (6/6) D:11
  Swamp (4/4) Lair:2        Snake (4/4) Lair:3        Slime (0/5) Lair:5
    Orc (2/2) D:10            Elf (0/3) Orc:2        Vaults (4/5) D:13
  Crypt (0/3) Vaults:3     Depths (1/5) D:15

Altars:
Cheibriados
Dithmenos
Elyvilon
Fedhas
Gozag
Hepliaklqana
Kikubaaqudgha
Nemelex Xobeh
Sif Muna
Trog
Uskayaw
Vehumet
Wu Jian
Yredelemnul
Zin
Beogh
Jiyva

Shops:
D:4 =   Orc:2 [*(:   Lair:2 [*   Snake:3 [   Vaults:1 =(((

Annotations:
Lair:5 1 runed translucent door
Vaults:4 Mennas

#####(######## #................
#........# #......#.........
##.....p..# #.....#.....)....
.#......{.# #..............(.
.#...)...{# #..#..##.#)..####
.'......ยงยง#######...#.##..#..#
.#.......ยงยง..................#
.+........#)...........#.....#
.##########...A.@.....#......#
## #..................#
#..................#
####################


You could see Mennas (silencing).


Message History

๐Ÿ˜จ HP[+12]
You regained 12 hp, and now have 59/169 hp.
Mennas hits you but does no damage. x2 ๐Ÿ˜จ HP[+1]
Aiming: Iceblast
Press: ? - help, Shift-Dir - straight line, f/p - Mennas
Aim: Mennas, wielding a +4 trishula of holy wrath and wearing a +0 tower shield (silenced, severely wounded, radiating silence, haloed)
The mass of ice explodes!
The iceblast engulfs Mennas!
Mennas hits you from afar with a +4 trishula of holy wrath.
* * * LOW HITPOINT WARNING * * *
You convulse.
* * * LOW HITPOINT WARNING * * *
You block Mennas's attack. Mennas barely misses you.
Mennas hits you from afar with a +4 trishula of holy wrath.
* * * LOW HITPOINT WARNING * * *
You convulse.
* * * LOW HITPOINT WARNING * * *
๐Ÿ˜จ HP[-11]
You take 11 damage, and now have 49/169 hp.
Press: ? - help, v - describe, . - travel
Here: Mennas, wielding a +4 trishula of holy wrath and wearing a +0 tower shield (silenced, severely wounded, radiating silence, haloed)
The floor.
Unknown command.
Unknown command.
Okay, then.
Mennas hits you from afar with a +4 trishula of holy wrath.
* * * LOW HITPOINT WARNING * * *
You convulse.
* * * LOW HITPOINT WARNING * * *
Mennas hits you from afar with a +4 trishula of holy wrath.
* * * LOW HITPOINT WARNING * * *
You convulse.
* * * LOW HITPOINT WARNING * * *
There is an open door here. ๐Ÿ˜ฑ HP[-11]
You take 11 damage, and now have 38/169 hp.
Unknown command.
Mennas is caught in a moment of prayer.
You see here a +1 great sword of flaming. ๐Ÿ˜ฑ HP[+1]
Casting: Iskenderun's Mystic Blast (safe; 1% risk of failure)
Confirm with . or Enter, or press ? or * to list all spells.
Aiming: Freezing Cloud (mildly dangerous; 1% risk of failure)
Press: ? - help, Dir - move target The ironbrand convoker gestures at the orc knight while chanting.
The orc knight seems to grow stronger.
The orc knight is engulfed in freezing vapours. ๐Ÿ˜ฑ MP[-6]
You lost 6 mp, and now have 33/39 mp.
Casting: Freezing Cloud (mildly dangerous; 1% risk of failure)
Confirm with . or Enter, or press ? or * to list all spells.
You erupt in a blast of force!
The mystic blast hits the orc knight!
The orc knight is knocked back by the mystic blast.
Mennas is engulfed in freezing vapours.
Mennas gestures frantically.
Mennas is healed somewhat.
The ironbrand convoker begins to recite a word of recall!
The orc knight is engulfed in freezing vapours.
You kill the orc knight!
Mennas is engulfed in freezing vapours.
Mennas gestures frantically.
Mennas is healed somewhat.
You feel your intelligence returning. ๐Ÿ˜ฑ MP[-3]
You lost 3 mp, and now have 30/39 mp.
Casting: Iskenderun's Mystic Blast (safe; 1% risk of failure)
Confirm with . or Enter, or press ? or * to list all spells.
Aiming: Freezing Cloud (mildly dangerous; 1% risk of failure)
Press: ? - help, Dir - move target
Okay, then.
Casting: Freezing Cloud (mildly dangerous; 1% risk of failure)
Confirm with . or Enter, or press ? or * to list all spells.
Aiming: Fulminant Prism (safe; 1% risk of failure)
Press: ? - help, Dir - move target You conjure a prism of explosive energy!
A fulminant prism comes into view.
Mennas is engulfed in freezing vapours. ๐Ÿ˜ฑ HP[+1] MP[-4]
You lost 4 mp, and now have 26/39 mp.
Mennas is engulfed in freezing vapours.
Mennas gestures frantically.
Mennas's surroundings become eerily quiet. ๐Ÿ˜ฑ MP[+1]
You feel much better.
Mennas is engulfed in freezing vapours.
Mennas hits you from afar with a +4 trishula of holy wrath.
* * * LOW HITPOINT WARNING * * *
You convulse.
* * * LOW HITPOINT WARNING * * *
You block Mennas's attack. ๐Ÿ˜จ HP[+18]
You regained 18 hp, and now have 58/169 hp.
Unknown command.
The blast of energy engulfs Mennas! ๐Ÿ˜จ HP[+1] MP[+1]
You start to feel less resistant.
Mennas hits you from afar with a +4 trishula of holy wrath!!
* * * LOW HITPOINT WARNING * * *
You convulse!!
You die...
Your body crumbles into a pile of gold.

Skill      XL: |  1  2  3  4  5  6  7  8  9 10 11 12 13 14 15 16 17 18 19 20 21 |
---------------+----------------------------------------------------------------+-----
Fighting       | 1 2 3 4 6 7 8 9 10 11 12 13 14 15 | 15.6
Conjurations   | 5 6 7 8 9 10 12 | 12.0
Spellcasting   | 3 4 6 7 8 9 10 11 12 13 14 | 14.6
Translocations | 1 2 4 5 6 7 |  7.0
Hexes          | 1 3 4 6 7 8 |  8.3
Staves         | 2 3 5 7 8 |  8.3
Evocations     | 4 5 6 7 8 9 |  9.0
Dodging        | 2 4 5 6 7 8 |  8.0
Armour         | 1 3 5 7 8 9 10 | 10.0
Shields        | 1 3 4 |  4.0
Air Magic      | 4 7 8 9 10 12 | 12.0
Poison Magic   | 2 6 8 |  8.0
Transmutations | 2 5 |  5.0
Fire Magic     | 2 5 6 7 8 |  8.5
Axes           | 4 |  4.7
Ice Magic      | 4 8 10 12 | 12.0
Stealth        | |  1.7

Action                   |  1- 3 |  4- 6 |  7- 9 | 10-12 | 13-15 | 16-18 | 19-21 || total
-------------------------+-------+-------+-------+-------+-------+-------+-------++-------
Melee: Short sword       |     4 |       |       |       |       |       |       ||     4
       Spear             |     5 |    23 |       |       |       |       |       ||    28
       Staff             |       |    12 |     7 |       |    49 |       |       ||    68
       Lajatang          |       |       |    59 |    59 |     7 |       |       ||   125
       Hand axe          |       |       |       |       |    10 |   433 |   521 ||   964
Throw: Stone             |     2 |       |       |       |       |       |       ||     2
       Dart              |       |       |       |    23 |     4 |     4 |       ||    31
       Throwing net      |       |       |       |       |       |       |     2 ||     2
 Cast: Magic Dart        |    81 |   109 |    83 |   254 |   116 |   455 |   183 ||  1281
       Searing Ray       |     2 |    11 |    31 |    82 |   116 |   237 |    48 ||   527
       Iskenderun's Myst |       |       |    15 |    49 |    45 |   151 |    98 ||   358
       Fulminant Prism   |       |       |     1 |    42 |    21 |    25 |     6 ||    95
       Cause Fear        |       |       |       |     1 |     3 |     4 |       ||     8
       Lightning Bolt    |       |       |       |       |       |    58 |       ||    58
       Olgreb's Toxic Ra |       |       |       |       |       |   126 |   265 ||   391
       Ignite Poison     |       |       |       |       |       |    52 |   133 ||   185
       Iskenderun's Batt |       |       |       |       |       |    42 |    42 ||    84
       Freezing Cloud    |       |       |       |       |       |     1 |    21 ||    22
       Fireball          |       |       |       |       |       |       |    66 ||    66
       Passage of Golubr |       |       |       |       |       |       |     6 ||     6
Invok: Call Merchant     |       |       |       |       |       |     2 |       ||     2
       Potion Petition   |       |       |       |       |       |     5 |    12 ||    17
       Bribe Branch      |       |       |       |       |       |       |     1 ||     1
Evoke: Wand              |       |       |     1 |     8 |     3 |    16 |     2 ||    30
       Condenser vane    |       |       |     1 |     2 |     1 |       |       ||     4
       Tin of tremorston |       |       |       |       |       |       |     1 ||     1
  Use: Potion            |     1 |       |       |     2 |     4 |     6 |     5 ||    18
       Scroll            |       |     7 |     6 |     8 |     6 |    15 |     9 ||    51
 Stab: Sleeping          |       |       |     3 |       |       |       |       ||     3
       Distracted        |       |       |       |     1 |       |     2 |     1 ||     4
       Paralysed         |       |       |       |       |       |     7 |       ||     7
       Petrified         |       |       |       |       |       |     3 |       ||     3
       Petrifying        |       |       |       |       |       |     2 |       ||     2
Armor: Robe              |     8 |    30 |    23 |    50 |     9 |       |       ||   120
       Skin              |     2 |       |       |       |       |     2 |       ||     4
       Scale mail        |       |       |       |       |   113 |   637 |   465 ||  1215
Dodge: Dodged            |    32 |    38 |    70 |    90 |   134 |   601 |   462 ||  1427
Block: Buckler           |       |       |       |       |    42 |   199 |   160 ||   401

Levels and vault maps discovered:
D:1:      evilmike_arrival_rings, layout_basic
D:2:      layout_basic
D:3:      layout_rooms, uniq_jessica
D:4:      layout_cave_pools, elyvilon_altar_4, serial_shops,
          nicolae_shop_waterfront, chequers_serial_rivers_micro_d,
          minmay_misc_feat_room, uniq_robin
D:5:      layout_gridville
D:6:      layout_cave_pods, minitemple, lemuel_crystal_altar, minmay_checkerbox
D:7:      layout_basic, minmay_temple_entry_stoned_glass
D:8:      layout_rooms, nemelex_xobeh_ov_fountains_minmay, st_stairs_6
D:9:      layout_small_grid, lemuel_coloured_pillars_altar,
          gammafunk_temple_overflow_arena
D:10:     minmay_the_grid_triangle_9x9_rhombus_thin
          [minmay_the_grid_triangle_9x9_cache,
          minmay_the_grid_triangle_9x9_prize_special,
          minmay_the_grid_triangle_9x9_longest,
          minmay_the_grid_triangle_9x9_sparse_checkered], layout_basic,
          minmay_orc_entry_temple_small, uniq_harold
D:11:     layout_loops_ring, dpeg_lair_monsters
D:12:     layout_long_grid, special_room [special_room_bee],
          ebering_ghost_funeral_grove, nrook_pool_corridor, hangedman_decor_push
D:13:     layout_basic, lightli_vaults_fourway_checkpoint
D:14:     minmay_connected_boxes_in_corner, layout_rooms, minmay_fountain_box,
          sword_in_stone, uniq_nessos
D:15:     gammafunk_depths_entry_grave, layout_stronghold, fedhas_altar_2,
          uniq_jorgrun
Lair:1:   beast_lair_carwin_large_1, layout_regular_city, basic_altar,
          roderic_batcave
Lair:2:   layout_roguey, palyth_hydra_swamp_entry,
          grunt_forest_large_clearing_hut, uniq_gastronok
Lair:3:   layout_regular_city, guppyfry_snake_entry_garden, minivault_23,
          minivault_23, serial_bayou_shore_a, uniq_nergalle, uniq_rupert
Lair:4:   layout_cave_pods
Lair:5:   layout_long_grid, slime_altar_2
Lair:6:   wormcave, layout_gridlike, guppyfry_lair_end_dragon,
          eino_small_chamber_without_monster, grunt_forest_small_clearing_treed
Swamp:1:  layout_falls_marsh, serial_swamp_ruin, hangedman_swamp_ruin_hall,
          evilmike_swamp_ruin_house_1, evilmike_swamp_ruin_house_6, swamp_pool5,
          ldierk_geyser
Swamp:2:  layout_basic_swamp, hangedman_swamp_cone, infiniplex_staircase_pool
Swamp:3:  layout_falls_marsh, evilmike_swamp_ruin_house_4
Swamp:4:  swamp_icy, layout_basic_swamp
Snake:1:  layout_chambers, basic_altar, hangedman_snake_pattern, uniq_aizul
Snake:2:  layout_onion_interference, gammafunk_ghost_wrathful_warriors,
          grunt_ministairs_14, nicolae_snake_lava_pool, uniq_saint_roka,
          uniq_nikola
Snake:3:  nicolae_aizul_guard, layout_gridlike, serial_shops, shop,
          grunt_megastairs_5
Snake:4:  snake_pit, layout_onion, uniq_vashnia
Orc:1:    layout_caves
Orc:2:    st_orc_congregation, layout_caves, basic_altar
Vaults:1: nicolae_vaults_network_s, kennysheep_vaults_gozag_temple, v_misc_17,
          nicolae_vaults_little_squares_2, grunt_vaults_focal, v_misc_14,
          vaults_mumra_hex, v_misc_11, v_misc_5, nicolae_vaults_theta,
          grunt_vaults_funnel, dpeg_vaults_monster_row, layout_vaults_omnicross,
          serial_shops, shop
Vaults:2: v_misc_30, v_pattern_1, vaults_room_fours, v_misc_9,
          ontoclasm_vaults_chip, vaults_room_door_ring,
          nicolae_vaults_gold_heap, nicolae_vaults_mini_display_case,
          layout_vaults_quadrants
Vaults:3: v_pattern_2, ontoclasm_vaults_hangar, hangedman_vaults_corner_blocks,
          v_misc_5, minmay_crypt_entry_necro_gods, v_rooms_2, v_misc_1,
          ontoclasm_vaults_ligature, ontoclasm_vaults_tryst, v_misc_26,
          v_misc_16, grunt_vaults_hallway_short, nicolae_vaults_rhombus_6,
          serial_ice_h, layout_vaults_ring, uniq_sojobo
Vaults:4: nicolae_vaults_halls_meeting, v_rooms_4, hangedman_vaults_unwind,
          vaults_room_fours, hangedman_vaults_stitches, nicolae_vaults_big_ls,
          vaults_mumra_hexcomb, vaults_dpeg_hooks, vaults_room_hallway,
          vaults_mumra_chevron_long, ontoclasm_vaults_bender,
          nicolae_vaults_little_squares_3, ontoclasm_vaults_idyll,
          nicolae_vaults_rhombus_5, ontoclasm_vaults_misaligned,
          layout_vaults_omnibox, serial_shops, nicolae_shop_trees, uniq_mara,
          uniq_mennas
Depths:1: layout_long_grid, hellmouth_3, abyss_entry_small_statue_room,
          hangedman_decor_peaks_small, minmay_liquid_box,
          lightli_corner_chamber, uniq_bai_suzhen

Notes
Turn   | Place    | Note
-------+----------+-------------------------------------------
     0 | D:1      | phalm the Demonspawn Conjurer began the quest for the Orb.
     0 | D:1      | Reached XP level 1. HP: 13/13 MP: 3/3
     0 | D:1      | magus.rc [v1.9.10]
   178 | D:1      | HP: 3/13 [goblin/+0 dagger (3)]
   206 | D:1      | HP: 2/14 [kobold/+0 dagger (2)]
   582 | D:1      | Gained mutation: You are partially covered in icy blue
                  | scales. (AC +2) [demonic ancestry]
   582 | D:1      | Reached XP level 2. HP: 20/20 MP: 1/5
   585 | D:1      | Learned a level 2 spell: Searing Ray
   908 | D:1      | Reached skill level 1 in Fighting
  1258 | D:2      | Reached XP level 3. HP: 26/26 MP: 4/6
  1942 | D:2      | Reached skill level 5 in Conjurations
  1942 | D:2      | Gained mutation: You are mostly covered in icy blue scales.
                  | (AC +3) [demonic ancestry]
  1942 | D:2      | Reached XP level 4. HP: 33/33 MP: 1/7
  2481 | D:3      | Reached skill level 2 in Fighting
  2750 | D:3      | Noticed Jessica
  2839 | D:3      | Killed Jessica
  2840 | D:3      | Reached XP level 5. HP: 38/38 MP: 4/9
  2891 | D:3      | Learned a level 4 spell: Iskenderun's Mystic Blast
  3187 | D:4      | Reached skill level 3 in Spellcasting
  3251 | D:4      | Reached skill level 1 in Translocations
  3540 | D:4      | Gained mutation: You sometimes gain a little power by
                  | taking damage. [demonic ancestry]
  3540 | D:4      | Reached XP level 6. HP: 46/46 MP: 5/10
  3540 | D:4      | Noticed Robin
  3668 | D:4      | Killed Robin
  3806 | D:4      | You pick up a book of Maledictions and begin reading...
  3806 | D:4      | You add the spells Corona, Ensorcelled Hibernation,
                  | Confusing Touch and Tukima's Dance to your library.
  3835 | D:4      | Found a white marble altar of Elyvilon.
  4151 | D:4      | Found Cexesu's Jewellery Emporium.
  4288 | D:5      | Entered Level 5 of the Dungeon
  4295 | D:5      | Reached skill level 2 in Translocations
  4421 | D:5      | Reached skill level 3 in Fighting
  4635 | D:5      | Noticed a sky beast
  4644 | D:5      | Killed a sky beast
  4730 | D:5      | Reached XP level 7. HP: 52/52 MP: 10/12
  4755 | D:5      | Learned a level 4 spell: Fulminant Prism
  5304 | D:6      | Reached skill level 6 in Conjurations
  5304 | D:6      | Reached skill level 3 in Translocations
  5455 | D:6      | Reached skill level 1 in Hexes
  5747 | D:6      | Reached skill level 4 in Spellcasting
  5886 | D:6      | Found the +7 lajatang of Order {silver, rMut}
  6182 | D:6      | Reached skill level 4 in Translocations
  6184 | D:6      | Reached skill level 4 in Fighting
  6184 | D:6      | Reached XP level 8. HP: 40/60 MP: 14/14
  6311 | D:6      | Reached skill level 2 in Hexes
  6456 | D:6      | Found an ancient bone altar of Kikubaaqudgha.
  6474 | D:6      | Found an opulent altar of Gozag.
  6477 | D:6      | Found a blossoming altar of Fedhas.
  6482 | D:6      | Became a worshipper of Gozag Ym Sagoz the Greedy
  6487 | D:6      | Reached skill level 1 in Staves
  6490 | D:6      | Found an ornate altar of the Wu Jian Council.
  6490 | D:6      | Found a hazy altar of Hepliaklqana.
  6689 | D:6      | Found a shimmering blue altar of Sif Muna.
  6692 | D:6      | Found a glowing silver altar of Zin.
  6694 | D:6      | Found a radiant altar of Vehumet.
  7211 | D:7      | Reached skill level 5 in Translocations
  7215 | D:7      | HP: 14/61 [orc warrior/+0 dire flail (20)]
  7216 | D:7      | HP: 3/61 [orc warrior/+0 dire flail (5)]
  7218 | D:7      | Reached skill level 3 in Hexes
  7590 | D:7      | Found a staircase to the Ecumenical Temple.
  7637 | D:7      | Reached skill level 2 in Staves
  7750 | D:7      | Gained mutation: You have a pair of small antennae on your
                  | head. [demonic ancestry]
  7750 | D:7      | Reached XP level 9. HP: 67/67 MP: 11/16
  7754 | D:7      | Reached skill level 7 in Conjurations
  8661 | D:8      | Reached skill level 5 in Spellcasting
  8750 | D:8      | Reached skill level 5 in Fighting
  9044 | D:8      | HP: 13/68 [slime creature (14)]
  9044 | D:8      | HP: 6/68 [slime creature (7)]
  9046 | D:8      | Reached skill level 6 in Translocations
  9347 | D:8      | Reached skill level 3 in Staves
  9347 | D:8      | Reached skill level 4 in Hexes
  9599 | D:8      | You fall into a shaft and drop 3 floors!
  9600 | D:11     | Noticed a death yak
  9660 | D:10     | Entered Level 10 of the Dungeon
  9661 | D:10     | Noticed a gargoyle
  9858 | D:10     | Noticed Harold
  9879 | D:10     | Killed Harold
  9880 | D:10     | Reached skill level 6 in Fighting
  9880 | D:10     | Reached skill level 6 in Spellcasting
  9880 | D:10     | Gained mutation: You have a pair of antennae on your head.
                  | [demonic ancestry]
  9880 | D:10     | Reached XP level 10. HP: 45/76 MP: 2/19
 10258 | D:8      | Found a sparkling altar of Nemelex Xobeh.
 10301 | D:8      | You pick up a book of Necromancy and begin reading...
 10301 | D:8      | You add the spells Pain, Animate Skeleton, Vampiric
                  | Draining, Animate Dead and Agony to your library.
 10453 | D:9      | Noticed a centaur warrior
 10454 | D:9      | Found a shadowy altar of Dithmenos.
 10508 | D:9      | Reached skill level 4 in Staves
 10508 | D:9      | Reached skill level 8 in Conjurations
 10508 | D:9      | Reached skill level 5 in Hexes
 10644 | D:9      | Noticed a two-headed ogre
 10658 | D:9      | Killed a two-headed ogre
 10666 | D:9      | Noticed an ettin
 10672 | D:9      | Noticed a boulder beetle
 10672 | D:9      | an ettin changed into a boulder beetle
 10758 | D:9      | Found a transporter.
 10777 | D:9      | Noticed an entropy weaver
 10788 | D:9      | Found a transporter.
 10824 | D:9      | Noticed an emperor scorpion
 10824 | D:9      | an entropy weaver changed into an emperor scorpion
 10830 | D:9      | Noticed an azure jelly
 10830 | D:9      | an emperor scorpion changed into an azure jelly
 11052 | D:9      | Found a snail-covered altar of Cheibriados.
 11439 | D:9      | Noticed a sphinx
 11601 | D:9      | Noticed a fire giant
 11601 | D:9      | a sphinx changed into a fire giant
 11857 | D:10     | Killed a gargoyle
 11863 | D:10     | Noticed a boulder beetle
 12345 | D:9      | Noticed an iron troll
 12385 | D:9      | Noticed a fenstrider witch
 12385 | D:9      | an iron troll changed into a fenstrider witch
 12401 | D:9      | Noticed a frost giant
 12401 | D:9      | a fenstrider witch changed into a frost giant
 12417 | D:9      | Noticed a dire elephant
 12417 | D:9      | a frost giant changed into a dire elephant
 12689 | D:10     | Reached skill level 5 in Staves
 12741 | D:10     | Killed an unseen horror
 12742 | D:10     | Reached skill level 7 in Fighting
 12742 | D:10     | Reached skill level 6 in Hexes
 12963 | D:10     | Reached skill level 7 in Spellcasting
 13031 | D:10     | Identified the amulet "Telon" {RegenMP rElec rN+ SInv
                  | Stlth+}
 13031 | D:10     | Noticed a rakshasa
 13033 | D:10     | Noticed a cyclops
 13045 | D:10     | Killed a rakshasa
 13046 | D:10     | Reached XP level 11. HP: 35/84 MP: 19/21
 13251 | D:10     | Identified the amulet "Weusohi" {Faith rF+ Will+}
 13255 | D:10     | Reached skill level 9 in Conjurations
 13278 | D:10     | Noticed a five-headed hydra
 13284 | D:10     | Killed a five-headed hydra
 13430 | D:10     | Noticed a red ugly thing
 13435 | D:10     | Noticed a red ugly thing
 13437 | D:10     | Killed a red ugly thing
 13438 | D:10     | Reached skill level 6 in Staves
 13680 | D:10     | Reached skill level 1 in Evocations
 13689 | D:10     | Killed a red ugly thing
 14040 | D:10     | Reached skill level 8 in Fighting
 14214 | D:10     | Got a warped silver amulet
 14225 | D:10     | Identified the amulet of Feda {Inacc rPois rF+} (You found
                  | it on level 10 of the Dungeon)
 14243 | D:10     | Got a flickering lapis lazuli ring
 14356 | D:10     | Identified the ring "Xaczuave" {*Tele Stlth+} (You found it
                  | on level 10 of the Dungeon)
 14390 | D:10     | Killed a boulder beetle
 14391 | D:10     | Reached skill level 2 in Evocations
 14711 | D:10     | Found a staircase to the Orcish Mines.
 14718 | D:10     | Found a roughly hewn altar of Beogh.
 14836 | D:11     | Reached skill level 8 in Spellcasting
 15087 | D:11     | Noticed a death yak
 15087 | D:11     | Noticed a death yak
 15110 | D:11     | Killed a death yak
 15111 | D:11     | Reached skill level 3 in Evocations
 15633 | D:11     | Noticed a death knight
 15654 | D:11     | Killed a death knight
 16022 | D:11     | Found a staircase to the Lair.
 16229 | D:11     | Killed a death yak
 16230 | D:11     | Reached skill level 7 in Staves
 16230 | D:11     | Reached skill level 2 in Dodging
 16232 | D:11     | Killed a death yak
 16461 | Lair:1   | Entered Level 1 of the Lair of Beasts
 16590 | Lair:1   | Reached skill level 1 in Armour
 16763 | Lair:1   | Reached skill level 1 in Shields
 16791 | Lair:1   | Reached skill level 4 in Evocations
 16791 | Lair:1   | Gained mutation: You are immune to miasma. [demonic
                  | ancestry]
 16791 | Lair:1   | Reached XP level 12. HP: 71/94 MP: 16/24
 17356 | Lair:1   | Found an opulent altar of Gozag.
 17633 | Lair:2   | Reached skill level 9 in Fighting
 17783 | Lair:2   | Reached skill level 2 in Shields
 17819 | Lair:2   | Reached skill level 2 in Armour
 17826 | Lair:2   | Reached skill level 3 in Dodging
 18091 | Lair:2   | Noticed a six-headed hydra
 18104 | Lair:2   | Killed a six-headed hydra
 18721 | Lair:2   | Reached skill level 5 in Evocations
 18980 | Lair:2   | Reached skill level 3 in Armour
 18980 | Lair:2   | Reached skill level 3 in Shields
 18980 | Lair:2   | Reached skill level 9 in Spellcasting
 19224 | Lair:2   | Noticed Gastronok
 19241 | Lair:2   | HP: 10/96 [Gastronok/the air (27)]
 19249 | Lair:2   | HP: 15/96 [Gastronok/the air (27)]
 19251 | Lair:2   | Killed Gastronok
 19252 | Lair:2   | Reached skill level 4 in Dodging
 19389 | Lair:2   | Noticed a four-headed hydra
 19638 | Lair:2   | Killed a four-headed hydra
 19696 | Lair:2   | Noticed a five-headed hydra
 19702 | Lair:2   | Killed a five-headed hydra
 19703 | Lair:2   | Reached skill level 8 in Staves
 19736 | Lair:2   | Found a staircase to the Swamp.
 20030 | Lair:3   | You pick up a book of Hexes and begin reading...
 20030 | Lair:3   | You add the spells Cause Fear, Yara's Violent Unravelling,
                  | Silence and Discord to your library.
 20052 | Lair:3   | Learned a level 4 spell: Cause Fear
 20091 | Lair:3   | Gained mutation: You have a pair of large antennae on your
                  | head. (SInv) [demonic ancestry]
 20091 | Lair:3   | Reached XP level 13. HP: 97/102 MP: 22/26
 20166 | Lair:3   | You pick up a book of Misfortune and begin reading...
 20166 | Lair:3   | You add the spells Gell's Gravitas, Petrify and Metabolic
                  | Englaciation to your library.
 20186 | Lair:3   | Noticed Rupert
 20238 | Lair:3   | HP: 24/102 [Rupert/+1 great sword of holy wrath (13)]
 20240 | Lair:3   | Killed Rupert
 20241 | Lair:3   | Reached skill level 4 in Armour
 20241 | Lair:3   | Reached skill level 4 in Shields
 20558 | Lair:3   | Reached skill level 6 in Evocations
 20905 | Lair:3   | Reached skill level 10 in Fighting
 21003 | Lair:3   | Got a polished scale mail
 21014 | Lair:3   | Identified the +5 scale mail of the Tundras {rC+ Str+5}
                  | (You found it on level 3 of the Lair of Beasts)
 21184 | Lair:3   | Found a staircase to the Snake Pit.
 21236 | Lair:3   | Noticed Nergalle
 21248 | Lair:3   | Killed Nergalle
 22289 | Lair:4   | Reached skill level 5 in Dodging
 22745 | Lair:4   | Reached skill level 5 in Armour
 23596 | Lair:4   | Reached skill level 7 in Hexes
 23673 | Lair:4   | Got a dazzling scale mail
 23684 | Lair:4   | Identified the +3 scale mail of Uhaducre {rCorr Dex+2} (You
                  | found it on level 4 of the Lair of Beasts)
 23925 | Lair:5   | Reached skill level 7 in Translocations
 23962 | Lair:5   | Found a runed translucent door.
 23962 | Lair:5   | Found a viscous altar of Jiyva.
 23963 | Lair:5   | Noticed an acid blob
 23964 | Lair:5   | Got an encrusted leather armour
 23975 | Lair:5   | Identified the +3 leather armour "Tuyrinuz" {Harm rF+
                  | Dex-4} (You found it on level 5 of the Lair of Beasts)
 23989 | Lair:5   | Found a staircase to the Slime Pits.
 23989 | Lair:5   | Noticed an acid blob
 24278 | Lair:5   | Identified a scroll of acquirement
 24286 | Lair:5   | Acquired the +0 pair of gloves "Tank" {Will++ Str+3 SInv
                  | Stlth-}
 24665 | Lair:5   | Reached XP level 14. HP: 93/111 MP: 18/27
 25196 | Lair:6   | Entered Level 6 of the Lair of Beasts
 25217 | Lair:6   | Reached skill level 6 in Armour
 25217 | Lair:6   | Reached skill level 7 in Evocations
 25371 | Lair:6   | Reached skill level 10 in Spellcasting
 25403 | Lair:6   | Identified 2 potions of experience
 25621 | Lair:6   | Reached skill level 7 in Armour
 25621 | Lair:6   | Reached skill level 6 in Dodging
 25621 | Lair:6   | Gained mutation: You are completely covered in icy blue
                  | scales. (AC +4, rC+) [demonic ancestry]
 25621 | Lair:6   | Reached XP level 15. HP: 117/117 MP: 29/29
 25656 | Lair:6   | Reached skill level 8 in Hexes
 25997 | Lair:6   | Got a slimy hand axe
 25998 | Lair:6   | Identified the +7 hand axe "Ozaudo Cijob" {distort, *Drain
                  | rF+ rC++ rN+} (You found it on level 6 of the Lair of
                  | Beasts)
 26237 | Lair:6   | Found a runed translucent door.
 26328 | Lair:6   | HP: 23/117 [lindwurm/blast of flame (8)]
 26331 | Lair:6   | HP: 8/117 [lindwurm/blast of flame (16)]
 26336 | Lair:6   | Reached skill level 11 in Fighting
 26674 | Lair:6   | Paralysed by a hornet for 2 turns
 27104 | Lair:2   | Reached skill level 8 in Armour
 27104 | Lair:2   | Reached skill level 8 in Evocations
 27104 | Lair:2   | Reached XP level 16. HP: 125/125 MP: 30/30
 27266 | Lair:6   | Reached skill level 7 in Dodging
 27440 | Lair:6   | Got a scorched long sword
 28360 | Lair:6   | Reached skill level 9 in Evocations
 28970 | Lair:6   | You pick up a book of the Tempests and begin reading...
 28970 | Lair:6   | You add the spells Static Discharge, Lightning Bolt,
                  | Ignition, Tornado and Shatter to your library.
 29193 | Lair:6   | Learned a level 5 spell: Lightning Bolt
 29421 | Orc:1    | Entered Level 1 of the Orcish Mines
 29816 | Orc:2    | Entered Level 2 of the Orcish Mines
 29943 | Orc:2    | Reached skill level 1 in Air Magic
 30438 | Orc:2    | Found a staircase to the Elven Halls.
 30918 | Orc:2    | Reached skill level 2 in Air Magic
 31150 | Orc:2    | Reached skill level 11 in Spellcasting
 31510 | Orc:2    | Reached skill level 9 in Armour
 31510 | Orc:2    | Reached skill level 3 in Air Magic
 31709 | Orc:2    | Found Jafurghon's General Store.
 31710 | Orc:2    | Found Ujyvygou's Book Shop.
 31712 | Orc:2    | Found Oxtom's Antique Armour Boutique.
 31712 | Orc:2    | Found Deanlyrch's Antique Weapon Boutique.
 31717 | Orc:2    | Bought a glowing cloak for 277 gold pieces
 31728 | Orc:2    | Bought a fine hand crossbow for 272 gold pieces
 31738 | Orc:2    | Bought a scroll of identify for 28 gold pieces
 31740 | Orc:2    | Bought a Young Poisoner's Handbook for 480 gold pieces
 31740 | Orc:2    | You add the spells Sting, Poisonous Vapours, Mephitic
                  | Cloud, Ignite Poison and Olgreb's Toxic Radiance to your
                  | library.
 31745 | Orc:2    | Learned a level 4 spell: Olgreb's Toxic Radiance
 31749 | Orc:2    | Learned a level 3 spell: Ignite Poison
 31881 | Orc:2    | Found a roughly hewn altar of Beogh.
 32431 | D:12     | Found a runed translucent door.
 32455 | D:12     | Noticed bigdumb's ghost (journeyman DgFi)
 32461 | D:12     | Identified the +9 trident of Impatience {vorpal, +Fly rF+
                  | rN+}
 32600 | D:12     | Reached skill level 1 in Poison Magic
 32756 | D:12     | Reached skill level 1 in Transmutations
 32759 | D:12     | Reached skill level 1 in Fire Magic
 33276 | D:12     | Reached skill level 2 in Poison Magic
 33528 | D:12     | Reached skill level 2 in Transmutations
 33528 | D:12     | Reached skill level 2 in Fire Magic
 33988 | D:12     | Killed bigdumb's ghost
 33989 | D:12     | Reached skill level 4 in Air Magic
 33989 | D:12     | Gained mutation: You may emit foul miasma when damaged in
                  | melee. [demonic ancestry]
 33989 | D:12     | Reached XP level 17. HP: 119/133 MP: 2/32
 34178 | D:13     | You pick up a book of Geomancy and begin reading...
 34178 | D:13     | You add the spells Sandblast, Passwall, Stone Arrow and
                  | Lee's Rapid Deconstruction to your library.
 34184 | D:13     | You pick up a book of Maledictions and begin reading...
 34384 | D:13     | Found a gate to the Vaults.
 34412 | D:13     | Reached skill level 3 in Poison Magic
 34457 | D:13     | Reached skill level 3 in Fire Magic
 34461 | D:13     | Reached skill level 3 in Transmutations
 34835 | D:13     | Reached skill level 8 in Dodging
 35633 | D:14     | Noticed Nessos
 35894 | D:14     | Reached skill level 12 in Fighting
 36123 | D:14     | Reached skill level 4 in Poison Magic
 36135 | D:14     | Reached skill level 5 in Air Magic
 36776 | D:14     | Killed Nessos
 36777 | D:14     | Reached skill level 4 in Fire Magic
 37102 | D:14     | Reached skill level 4 in Transmutations
 37739 | D:14     | Reached skill level 5 in Poison Magic
 38284 | D:14     | Reached skill level 5 in Fire Magic
 38284 | D:14     | Reached skill level 6 in Air Magic
 38387 | D:14     | Identified a +2 robe of the Archmagi
 38974 | D:9      | Noticed a golden dragon
 38974 | D:9      | a shadow dragon changed into a golden dragon
 38987 | D:9      | a golden dragon changed into a frost giant
 39093 | D:9      | Reached skill level 5 in Transmutations
 39586 | Lair:2   | magus.rc [v1.9.10]
 39672 | Swamp:1  | Entered Level 1 of the Swamp
 39959 | Swamp:1  | Reached skill level 6 in Poison Magic
 41192 | Swamp:1  | You add the spells Corpse Rot, Summon Forest, Eringya's
                  | Noxious Bog, Hydra Form and Summon Hydra to your library.
 41931 | Swamp:2  | Reached skill level 7 in Air Magic
 42185 | Swamp:2  | HP: 33/135 [seven-headed hydra (9)]
 42810 | Lair:2   | Bought a scroll of identify for 80 gold pieces
 42813 | Lair:2   | Bought a +0 buckler of poison resistance for 170 gold
                  | pieces
 43322 | Swamp:2  | Reached skill level 12 in Spellcasting
 43492 | Swamp:2  | Reached XP level 18. HP: 136/142 MP: 17/34
 44285 | Swamp:3  | Reached skill level 13 in Fighting
 44956 | Swamp:4  | Entered Level 4 of the Swamp
 44966 | Swamp:4  | Reached skill level 1 in Axes
 45495 | Swamp:4  | Reached skill level 2 in Axes
 45502 | Swamp:3  | Reached skill level 7 in Poison Magic
 45973 | Swamp:4  | Reached skill level 3 in Axes
 46360 | Orc:2    | Bought the Guide on Damaging Weightlessness for 780 gold
                  | pieces
 46360 | Orc:2    | You add the spells Shock, Iskenderun's Battlesphere and
                  | Spellforged Servitor to your library.
 46360 | Orc:2    | Bought a book of Clouds for 540 gold pieces
 46360 | Orc:2    | You pick up a book of Clouds and begin reading...
 46360 | Orc:2    | You add the spells Conjure Flame and Freezing Cloud to your
                  | library.
 46366 | Orc:2    | Learned a level 5 spell: Iskenderun's Battlesphere
 46374 | Orc:2    | Learned a level 6 spell: Freezing Cloud
 46579 | Snake:1  | Entered Level 1 of the Snake Pit
 46937 | Snake:1  | Found a hide-covered altar of Uskayaw.
 46944 | Snake:1  | Noticed Aizul
 46961 | Snake:1  | Reached skill level 1 in Ice Magic
 46972 | Snake:1  | Killed Aizul
 46974 | Snake:1  | Reached skill level 4 in Axes
 47563 | Snake:1  | Reached skill level 2 in Ice Magic
 48649 | Snake:1  | You pick up a book of Changes and begin reading...
 48649 | Snake:1  | You add the spells Beastly Appendage, Wereblood, Spider
                  | Form, Ice Form and Blade Hands to your library.
 49010 | Snake:2  | Reached skill level 3 in Ice Magic
 49336 | Snake:2  | HP: 23/143 [nagaraja/+0 halberd (14)]
 49340 | Snake:2  | Noticed Nikola
 49342 | Snake:1  | HP: 32/143 [poisoned by a nagaraja (poison arrow)]
 49347 | Snake:1  | HP: 30/143 [poisoned by a nagaraja (poison arrow)]
 49352 | Snake:1  | HP: 28/143 [poisoned by a nagaraja (poison arrow)]
 49359 | Snake:1  | HP: 27/143 [poisoned by a nagaraja (poison arrow)]
 49365 | Snake:1  | HP: 26/143 [poisoned by a nagaraja (poison arrow)]
 49374 | Snake:1  | HP: 26/143 [poisoned by a nagaraja (poison arrow)]
 49380 | Snake:1  | HP: 26/143 [poisoned by a nagaraja (poison arrow)]
 49386 | Snake:1  | HP: 27/143 [poisoned by a nagaraja (poison arrow)]
 49392 | Snake:1  | HP: 27/143 [poisoned by a nagaraja (poison arrow)]
 49767 | Snake:1  | Killed Nikola
 50113 | Snake:2  | Reached skill level 8 in Air Magic
 50394 | Snake:2  | Got a masterwork kite shield
 50405 | Snake:2  | Identified the -6 kite shield "Fuazaz" {rElec rF+ Dex+3}
                  | (You found it on level 2 of the Snake Pit)
 50449 | Snake:2  | Found a transporter.
 50449 | Snake:2  | Identified the +5 scimitar of Fundamental Breach
                  | {antimagic, +Inv rF- Str+7 Dex-4}
 50452 | Snake:2  | Noticed Tinaukou's ghost (adept MiGl)
 50456 | Snake:2  | Identified the +0 mace "Hoiff" {vorpal, Dex+6}
 50460 | Snake:2  | Found a transporter.
 50534 | Snake:2  | Reached skill level 4 in Ice Magic
 50582 | Snake:2  | Noticed Saint Roka
 50594 | Snake:2  | Killed Saint Roka
 50687 | Snake:2  | Reached skill level 8 in Poison Magic
 51450 | Snake:2  | a +1 double sword of holy wrath {rare}; a +4 arbalest; a +0
                  | robe
 51457 | Snake:2  | Found a bloodstained altar of Trog.
 52046 | Snake:2  | a +1 double sword of holy wrath {rare}; a +4 arbalest; a +0
                  | robe
 52065 | Snake:2  | Gained mutation: You sometimes gain power by taking damage.
                  | [demonic ancestry]
 52065 | Snake:2  | Reached XP level 19. HP: 80/150 MP: 31/35
 52069 | Snake:2  | Reached skill level 5 in Ice Magic
 52093 | Snake:2  | HP: 36/150 [Tinaukou's ghost (13)]
 52099 | Snake:2  | HP: 31/150 [Tinaukou's ghost (5)]
 52127 | Snake:2  | HP: 27/150 [Tinaukou's ghost (14)]
 52137 | Snake:2  | Killed Tinaukou's ghost
 52433 | Snake:2  | Identified a +1 pair of boots of running (You found it on
                  | level 2 of the Snake Pit)
 52829 | Snake:3  | Reached skill level 9 in Air Magic
 52937 | Snake:3  | Reached skill level 10 in Conjurations
 52940 | Snake:3  | HP: 44/226 [nagaraja/poison arrow (16)]
 52943 | Snake:3  | Reached skill level 6 in Ice Magic
 52946 | Snake:3  | HP: 56/226 [poisoned by a nagaraja (poison arrow)]
 52947 | Snake:3  | Reached skill level 13 in Spellcasting
 52951 | Snake:3  | HP: 52/226 [poisoned by a nagaraja (poison arrow)]
 52956 | Snake:3  | HP: 50/226 [poisoned by a nagaraja (poison arrow)]
 52961 | Snake:3  | HP: 32/151 [poisoned by a nagaraja (poison arrow)]
 52968 | Snake:3  | HP: 31/151 [poisoned by a nagaraja (poison arrow)]
 52975 | Snake:3  | HP: 32/151 [poisoned by a nagaraja (poison arrow)]
 52983 | Snake:3  | HP: 33/151 [poisoned by a nagaraja (poison arrow)]
 54154 | Snake:3  | Found Duvuu's Antique Armour Shop.
 54270 | Snake:3  | Bought a pair of spiked gloves for 380 gold pieces
 54284 | Snake:3  | Identified the +2 pair of gloves "Fiakuts" {Dex+2 Stlth+}
                  | (You bought it in a shop on level 3 of the Snake Pit)
 54297 | Snake:3  | Bought a transparent robe for 228 gold pieces
 54307 | Snake:3  | Identified the +1 robe "Hales" {rPois Regen+ Str-4 SInv}
                  | (You bought it in a shop on level 3 of the Snake Pit)
 54566 | Snake:4  | Entered Level 4 of the Snake Pit
 54697 | Snake:4  | Noticed Vashnia
 55422 | Snake:4  | Reached skill level 14 in Fighting
 55438 | Snake:4  | Reached skill level 7 in Ice Magic
 55452 | Snake:4  | Your ally died
 56299 | Snake:4  | You pick up a book of Flames and begin reading...
 56299 | Snake:4  | You add the spells Foxfire, Inner Flame, Sticky Flame and
                  | Fireball to your library.
 56306 | Snake:4  | Learned a level 5 spell: Fireball
 56327 | Snake:4  | Got a serpentine rune of Zot
 57616 | Swamp:4  | Got a decaying rune of Zot
 57856 | Lair:2   | Identified the +9 long sword "Katozxaf" {freeze, +Inv MP+9
                  | Dex+4} (You found it on level 6 of the Lair of Beasts)
 57857 | Lair:2   | Identified the +5 hand crossbow "Gofalek" {penet, rF- Will+
                  | SInv} (You bought it in a shop on level 2 of the Orcish
                  | Mines)
 58113 | D:15     | Entered Level 15 of the Dungeon
 58591 | D:15     | Found a blossoming altar of Fedhas.
 58746 | D:15     | Found a staircase to the Depths.
 58761 | D:15     | Reached skill level 8 in Ice Magic
 59720 | D:15     | Noticed Jorgrun
 59735 | D:15     | Killed Jorgrun
 60120 | Depths:1 | Entered Level 1 of the Depths
 60229 | Vaults:1 | Entered Level 1 of the Vaults
 60418 | Vaults:1 | Reached skill level 6 in Fire Magic
 60872 | Vaults:1 | Identified the ring of Mumiash {*Contam +Fly rElec MP+9
                  | Str+9}
 61089 | Vaults:1 | Reached XP level 20. HP: 147/160 MP: 30/37
 61207 | Vaults:1 | Reached skill level 11 in Conjurations
 61815 | Vaults:1 | Found Gozag's Antique Weapon Boutique.
 61826 | Vaults:1 | Found an opulent altar of Gozag.
 61826 | Vaults:1 | Found Gozag's Antique Weapon Boutique.
 61834 | Vaults:1 | Found Gozag's Antique Weapon Shop.
 62391 | Vaults:1 | Reached skill level 7 in Fire Magic
 62391 | Vaults:1 | Reached skill level 9 in Ice Magic
 62498 | Vaults:1 | Found Zuryl's Jewellery Emporium.
 62921 | Vaults:2 | Reached skill level 10 in Armour
 65320 | Vaults:2 | Reached skill level 10 in Air Magic
 65323 | Vaults:2 | Reached skill level 10 in Ice Magic
 65338 | Vaults:2 | Reached skill level 12 in Conjurations
 66508 | Vaults:3 | Reached skill level 14 in Spellcasting
 66861 | Vaults:3 | Noticed Sojobo
 66888 | Vaults:3 | Gained mutation: You are powered by pain. [demonic
                  | ancestry]
 66888 | Vaults:3 | Reached XP level 21. HP: 112/167 MP: 4/39
 66914 | Vaults:3 | HP: 33/167 [Sojobo/the air (22)]
 66916 | Vaults:3 | Killed Sojobo
 66917 | Vaults:3 | Reached skill level 15 in Fighting
 67973 | Vaults:3 | Reached skill level 11 in Ice Magic
 67973 | Vaults:3 | Reached skill level 11 in Air Magic
 68172 | Vaults:3 | Found a staircase to the Crypt.
 68172 | Vaults:3 | Found an ancient bone altar of Kikubaaqudgha.
 68175 | Vaults:3 | Found a basalt altar of Yredelemnul.
 69374 | Vaults:3 | You pick up a book of Spatial Translocations and begin
                  | reading...
 69374 | Vaults:3 | You add the spells Blink, Lesser Beckoning, Teleport Other
                  | and Passage of Golubria to your library.
 69426 | Vaults:3 | Learned a level 4 spell: Passage of Golubria
 70638 | Vaults:4 | Noticed Mara
 70650 | Vaults:4 | Noticed phalm's illusion
 70660 | Vaults:4 | Killed Mara
 71040 | Vaults:4 | Reached skill level 8 in Fire Magic
 71132 | Vaults:4 | Identified the +8 mace "Enok" {protect, SInv} (You found it
                  | on level 4 of the Vaults)
 71426 | Vaults:4 | Reached skill level 12 in Ice Magic
 71463 | Vaults:4 | Reached skill level 12 in Air Magic
 71735 | Vaults:4 | Noticed Mennas
 71738 | Vaults:4 | HP: 37/169 [flayed ghost/flay_damage (20)]
 71768 | Vaults:4 | HP: 41/169 [Mennas/+4 trishula of holy wrath (14)]
 71770 | Vaults:4 | HP: 19/169 [Mennas/+4 trishula of holy wrath (20)]
 71786 | Vaults:4 | HP: 41/169 [Mennas/+4 trishula of holy wrath (3)]
 71796 | Vaults:4 | HP: 33/169 [Mennas/+4 trishula of holy wrath (26)]
 71796 | Vaults:4 | Slain by Mennas

Vanquished Creatures
  Mara (Vaults:4)
  Sojobo (Vaults:3)
  Saint Roka (Snake:2)
  Nikola (Snake:1)
  Jorgrun (D:15)
  Rupert (Lair:3)
  A lich (Vaults:1)
  The ghost of Tinaukou the Tortoise, an adept MiGl of Xom (Snake:2)
  Gastronok (Lair:2)
  A sphinx (D:14)
  9 nagarajas
  3 tengu reavers
  A storm dragon (shapeshifter) (Vaults:3)
  An azure jelly (Swamp:4)
  A fenstrider witch (shapeshifter) (D:9)
  An orc warlord (Orc:2)
  An azure jelly (shapeshifter) (D:14)
  A fire giant (Vaults:4)
  15 vault wardens
  Aizul (Snake:1)
  7 ironheart preservers
  13 stone giants
  A juggernaut skeleton (D:15)
  A war gargoyle (Vaults:3)
  5 very ugly things
  Nessos (D:14)
  A deep elf demonologist (Vaults:3)
  2 entropy weavers
  5 bunyips
  An ettin (Vaults:4)
  A crystal guardian (Vaults:3)
  5 yaktaur captains
  4 eleionomae
  3 fire dragons
  10 vault guards
  7 boulder beetles
  The ghost of bigdumb the Blocker, a journeyman DgFi (D:12)
  Harold (D:10)
  10 naga warriors
  6 ice dragons
  17 hydras
  A ghost crab (Swamp:2)
  3 rakshasas
  A catoblepas (D:13)
  9 alligators
  10 centaur warriors
  7 death yaks
  7 tengu warriors
  10 anacondas
  A deep troll shaman (Vaults:4)
  5 death knights
  4 ogre magi
  17 two-headed ogres
  15 naga sharpshooters
  A deep troll earth mage (Vaults:2)
  4 orc high priests (Orc:2)
  A vampire mage (D:15)
  3 deep elf knights (Vaults:3)
  Nergalle (Lair:3)
  8 shock serpents
  3 shadow wraiths
  2 hell knights
  10 skeletal warriors
  2 unseen horrors
  3 goliath frogs
  11 deep trolls
  An unseen horror (shapeshifter) (Vaults:1)
  2 glowing orange brains
  A flayed ghost (Vaults:4)
  4 spriggan druids
  2 bog bodies
  6 swamp dragons
  2 wizards
  2 harpies (shapeshifter)
  A sphinx zombie (Vaults:1)
  4 deep elf archers
  An orb spider (shapeshifter) (Vaults:4)
  11 ironbrand convokers
  10 deep elf magi
  4 necromancers
  A lindwurm (Lair:6)
  4 wolf spiders
  2 naga ritualists
  4 harpies (Vaults:2)
  11 orc knights
  21 ugly things
  3 will-o-the-wisps
  11 mana vipers
  8 salamanders
  A tengu skeleton (Vaults:3)
  A moth of wrath (Snake:2)
  4 manticores
  3 orc sorcerers
  6 cyclopes
  A frost giant skeleton (Vaults:3)
  5 guardian serpents
  22 black mambas
  A guardian serpent (shapeshifter) (D:12)
  9 vault sentinels
  8 centaur zombies
  7 torpor snails
  4 elephants (Lair:5)
  2 gargoyles
  9 naga magi
  17 cane toads
  A human zombie (Vaults:1)
  39 yaktaurs
  13 komodo dragons
  A kobold demonologist (D:13)
  A komodo dragon (shapeshifter) (Vaults:2)
  7 rime drakes
  6 freezing wraiths
  10 polar bears
  A yaktaur skeleton (Vaults:3)
  A polar bear (shapeshifter) (Vaults:3)
  A queen bee (D:12)
  A tengu conjurer (D:14)
  2 trolls (D:12)
  3 bloated husks
  16 hornets
  3 meliai (D:12)
  13 tyrant leeches
  18 slime creatures
  21 blink frogs
  A frost giant simulacrum (Vaults:1)
  A blink frog (shapeshifter) (Vaults:1)
  4 dream sheep (Lair:2)
  A deep troll skeleton (D:15)
  A deep troll zombie (D:15)
  3 redbacks (Vaults:2)
  A human simulacrum (Vaults:1)
  2 vampires
  10 spriggans
  A tarantella (shapeshifter) (Vaults:4)
  3 shadows
  3 wyverns
  A tarantella (Vaults:2)
  4 wraiths
  61 yaks
  5 swamp worm simulacra (Swamp:4)
  3 wargs
  6 vampire mosquitoes (D:14)
  4 steam dragons
  35 nagas
  2 tengu zombies
  15 hydra simulacra (Swamp:4)
  3 soldier ants
  2 soldier ants (shapeshifter)
  13 swamp worms
  4 acid dragons
  12 water moccasins
  5 swamp drakes
  A floating eye (shapeshifter) (D:15)
  43 orc warriors
  4 sky beasts
  2 hornet zombies
  9 ice beasts
  21 ogres
  9 black bears
  5 phantoms
  3 necrophages
  A wolf (shapeshifter) (Vaults:1)
  10 wolves
  18 boggarts
  An elf skeleton (Vaults:4)
  A human skeleton (Vaults:4)
  20 centaurs
  4 big kobolds
  A wyvern zombie (D:14)
  A glowing shapeshifter simulacrum (Vaults:4)
  14 bullfrogs
  A wyvern skeleton (D:14)
  5 scorpions
  A hornet simulacrum (Vaults:1)
  30 killer bees
  16 wights
  2 howler monkeys
  An electric eel (Lair:3)
  A vampire bat (Lair:1)
  4 lava snakes (Snake:2)
  4 quasits
  5 hounds
  3 jellies
  3 bullfrog skeletons
  26 orc priests
  27 orc wizards
  10 centaur skeletons
  9 iguanas
  Jessica (D:3)
  10 worker ants
  5 hell rats (Lair:4)
  Robin (D:4)
  2 worker ant zombies
  9 adders
  4 gnolls (D:2)
  3 river rats (D:11)
  2 shadow imps
  4 white imps
  2 ufetubi
  2 oozes
  3 swamp drake simulacra (Swamp:4)
  2 adder skeletons
  A worm (D:3)
  2 dart slugs
  6 leopard geckos
  102 orcs
  3 giant cockroaches
  13 goblins
  10 hobgoblins
  20 jackals
  29 kobolds
  8 quokkas
  2 ball pythons (Snake:2)
  14 bats
  8 frilled lizards
  A giant cockroach zombie (D:5)
  A quokka zombie (D:7)
  13 rats
1464 creatures vanquished.

Vanquished Creatures (collateral kills)
  4 nagarajas (Snake:4)
  5 naga warriors (Snake:4)
  2 anacondas (Snake:4)
  A shock serpent (Snake:4)
  2 naga sharpshooters (Snake:4)
  2 salamanders (Snake:4)
  6 black mambas (Snake:4)
  6 naga magi (Snake:4)
  11 nagas (Snake:4)
39 creatures vanquished.

Vanquished Creatures (others)
  Vashnia (Snake:4)
  3 nagarajas (Snake:4)
  A bunyip (Swamp:4)
  An eleionoma (Swamp:4)
  5 naga warriors
  A ghost crab (Swamp:4)
  A two-headed ogre (Vaults:3)
  6 naga sharpshooters (Snake:4)
  2 naga ritualists (Snake:4)
  2 salamanders (Snake:4)
  7 naga magi (Snake:4)
  A freezing wraith (Vaults:3)
  A bloated husk (Swamp:4)
  4 vampire mosquitoes (Swamp:4)
  3 nagas
  An ogre (Vaults:3)
  A leopard gecko (D:4)
  A quokka (D:4)
  A bush (Lair:6)
  18 foxfires
  95 fulminant prisms
  37 fungi
  90 plants
  7 withered plants (D:15)
290 creatures vanquished.

Grand Total: 1793 creatures vanquished

Table legend:
 A = Non-vault XP
 B = Vault XP
 C = Vault XP percentage of total XP
 D = Non-vault monster count
 E = Vault monster count
 F = Vault count percentage of total count
                 A         B        C        D         E       F
            +---------+---------+-------+---------+---------+-------
      Total |  347141 |  256976 |  42.5 |    1020 |     523 |  33.9
            +---------+---------+-------+---------+---------+-------
        D:1 |      39 |       0 |   0.0 |      26 |       0 |   0.0
        D:2 |     106 |       0 |   0.0 |      25 |       0 |   0.0
        D:3 |      50 |      41 |  45.1 |      16 |       3 |  15.8
        D:4 |     216 |      34 |  13.6 |      12 |      10 |  45.5
        D:5 |     269 |       0 |   0.0 |      13 |       0 |   0.0
        D:6 |    1082 |     267 |  19.8 |      23 |       4 |  14.8
        D:7 |     993 |       0 |   0.0 |      24 |       0 |   0.0
        D:8 |    1272 |       0 |   0.0 |      20 |       0 |   0.0
        D:9 |    1808 |    2954 |  62.0 |      24 |       4 |  14.3
       D:10 |    3707 |    5885 |  61.4 |      27 |      27 |  50.0
       D:11 |    2674 |    2676 |  50.0 |      26 |      11 |  29.7
       D:12 |   11510 |    4226 |  26.9 |      47 |      26 |  35.6
       D:13 |   10105 |    7227 |  41.7 |      35 |      12 |  25.5
       D:14 |   15257 |   16792 |  52.4 |      63 |      25 |  28.4
       D:15 |    8839 |    8009 |  47.5 |      28 |       9 |  24.3
     Lair:1 |     939 |    1951 |  67.5 |       4 |      17 |  81.0
     Lair:2 |    7615 |    5606 |  42.4 |      25 |       9 |  26.5
     Lair:3 |    7070 |    3756 |  34.7 |      30 |       3 |   9.1
     Lair:4 |   11134 |       0 |   0.0 |      40 |       0 |   0.0
     Lair:5 |    7098 |       0 |   0.0 |      23 |       0 |   0.0
     Lair:6 |   14127 |   10870 |  43.5 |      38 |      33 |  46.5
    Swamp:1 |    7723 |     414 |   5.1 |      16 |       3 |  15.8
    Swamp:2 |   16567 |       0 |   0.0 |      27 |       0 |   0.0
    Swamp:3 |   10113 |       0 |   0.0 |      15 |       0 |   0.0
    Swamp:4 |   10245 |    8255 |  44.6 |      19 |      31 |  62.0
    Snake:1 |   21627 |    5794 |  21.1 |      37 |       2 |   5.1
    Snake:2 |   26030 |   16030 |  38.1 |      42 |      33 |  44.0
    Snake:3 |    9346 |   16595 |  64.0 |      19 |      18 |  48.6
    Snake:4 |   10061 |   13785 |  57.8 |      29 |      28 |  49.1
      Orc:1 |    1453 |    1231 |  45.9 |      23 |       3 |  11.5
      Orc:2 |    1308 |   10981 |  89.4 |      21 |      76 |  78.4
   Vaults:1 |   12003 |   29022 |  70.7 |      22 |      35 |  61.4
   Vaults:2 |   49630 |   16250 |  24.7 |      77 |      24 |  23.8
   Vaults:3 |   47083 |   26762 |  36.2 |      81 |      32 |  28.3
   Vaults:4 |   18042 |   41563 |  69.7 |      23 |      45 |  66.2
            +---------+---------+-------+---------+---------+-------

Illustrated notes

Table legend:
 A = Kills in this place as a percentage of kills in entire the game.
 B = Kills by you in this place as a percentage of kills by you in the entire game.
 C = Kills by friends in this place as a percentage of kills by friends in the entire game.
 D = Other kills in this place as a percentage of other kills in the entire game.
 E = Experience gained in this place as a percentage of experience gained in the entire game.
 F = Experience gained in this place divided by the number of levels of this place that you have seen.
                   A       B       C       D       E      F
               +-------+-------+-------+-------+-------+----------------------
         Total | 100.0 | 100.0 | 100.0 | 100.0 | 100.0 | 16781.0
       Dungeon |  35.0 |  36.1 |   0.0 |  27.5 |  17.6 | 7069.2
          Lair |  14.4 |  15.0 |   0.0 |   5.0 |  11.6 | 11694.3
         Swamp |   7.2 |   7.4 |   0.0 |   5.0 |   8.8 | 13329.2
     Snake Pit |  13.5 |  11.1 | 100.0 |  15.0 |  19.7 | 29817.0
  Orcish Mines |   8.0 |   8.4 |   0.0 |   0.0 |   2.5 | 7486.5
        Vaults |  22.0 |  21.9 |   0.0 |  47.5 |  39.8 | 60088.8
               +-------+-------+-------+-------+-------+----------------------

Table legend: (Time is in decaauts)
 A = Elapsed time spent in this place.
 B = Non-inter-level travel time spent in this place.
 C = Inter-level travel time spent in this place.
 D = Time resting spent in this place.
 E = Time spent auto-exploring this place.
 F = Levels seen in this place.
 G = Mean time per level.
                   A        B        C        D        E       F      G
               +--------+--------+--------+--------+--------+-----+--------+
         Total |  71754 |  67363 |   4391 |      5 |  56088 |  36 | 1993.2 |
       Dungeon |  25983 |  24664 |   1319 |      0 |  20407 |  15 | 1732.2 |
          Lair |  14503 |  12566 |   1937 |      0 |  10479 |   6 | 2417.2 |
         Swamp |   7743 |   7479 |    264 |      0 |   6522 |   4 | 1935.8 |
     Snake Pit |   9455 |   9145 |    310 |      5 |   7636 |   4 | 2363.8 |
  Orcish Mines |   2853 |   2401 |    452 |      0 |   1787 |   2 | 1426.5 |
        Vaults |  11210 |  11104 |    106 |      0 |   9255 |   4 | 2802.5 |
        Depths |      4 |      4 |      0 |      0 |      0 |   1 |    4.0 |
               +--------+--------+--------+--------+--------+-----+--------+

Top non-repeatable levels by time:
  Lair:6: 3881 daAuts
Vaults:3: 3739 daAuts
    D:10: 3619 daAuts
  Lair:2: 3293 daAuts
Vaults:2: 3273 daAuts
 Swamp:1: 3254 daAuts
 Snake:2: 3120 daAuts
    D:14: 2937 daAuts
 Snake:1: 2682 daAuts
Vaults:1: 2643 daAuts
  Lair:3: 2585 daAuts
     D:9: 2106 daAuts
    D:12: 2057 daAuts
     D:6: 2041 daAuts
    D:13: 1928 daAuts
